 Dungeon Crawl Stone Soup version 0.29-a0-813-g4a14ea37d6 (webtiles) character file.

Game seed: 7408515371931079679

83939 buhh the Bludgeoner (level 15, 0/94 HPs)
             Began as a Gargoyle Fighter on July 5, 2022.
             Was a High Priest of Okawaru.
             Slain by Vashnia
             ... wielding a +1 vorpal glaive
              (4 damage)
             ... on level 2 of the Snake Pit.
             The game lasted 00:44:58 (26810 turns).

buhh the Bludgeoner (Gargoyle Fighter)             Turns: 26810, Time: 00:44:59

Health: 0/94       AC: 34    Str: 27    XL:     15   Next: 78%
Magic:  22/22      EV:  5    Int:  9    God:    Okawaru [*****.]
Gold:   1782       SH:  0    Dex:  9    Spells: 14/14 levels left

rFire   + + .      SeeInvis +   i - +4 great mace (distort)
rCold   . . .      Faith    .   (shield currently unavailable)
rNeg    + . .      Spirit   .   E - +1 plate armour
rPois   ∞          Reflect  .   c - +0 hat of Awe {rF+}
rElec   +          Harm     .   x - +2 cloak
rCorr   .          Rampage  .   y - +1 pair of gloves
Will    +....                   (no boots)
Stlth   ..........              z - amulet of the acrobat
HPRegen 0.25/turn               u - ring of see invisible
MPRegen 0.18/turn               j - ring of protection from fire

@: flying, constricted
A: sickness immunity, AC +11, big wings, negative energy resistance 1,
electricity resistance, torment resistance 1, petrification resistance
a: Renounce Religion, Heroism, Finesse, Duel


You were on level 2 of the Snake Pit.
You worshipped Okawaru.
Okawaru was extremely pleased with you.
You visited 5 branches of the dungeon, and saw 26 of its levels.

You collected 2289 gold pieces.
You spent 507 gold pieces at shops.

Inventory:

Hand Weapons
 i - a +4 great mace of distortion (weapon)
 r - a +2 eveningstar
Missiles
 b - 5 curare-tipped darts
Armour
 c - the +0 hat of Awe (worn) {rF+}
   (Okawaru gifted it to you on level 6 of the Lair of Beasts)

   rF:        It protects you from fire.
 x - a +2 cloak (worn)
 y - a +1 pair of gloves (worn)
 E - a +1 plate armour (worn)
 J - a +0 buckler
Magical Staves
 D - a staff of air
 Y - a staff of fire
Jewellery
 j - a ring of protection from fire (right hand)
 p - a ring of fire
 u - a ring of see invisible (left hand)
 w - a ring of ice
 z - an amulet of the acrobat (around neck)
 A - a ring of protection from cold
 F - a ring of protection from cold
 I - a +6 ring of dexterity
 R - a +6 ring of intelligence
 S - a ring of willpower
Wands
 e - a wand of roots (3)
 n - a wand of mindburst (14)
 v - a wand of digging (5)
 G - a wand of paralysis (6)
 M - a wand of light (2) (quivered)
 W - a wand of flame (60)
Scrolls
 d - a scroll of poison
 g - 2 scrolls of identify {!d}
 o - 4 scrolls of noise
 q - a scroll of silence {!r}
 s - 5 scrolls of summoning
 t - 5 scrolls of teleportation {!d}
 P - 3 scrolls of magic mapping {!r!d}
 Q - a scroll of fog
 T - 4 scrolls of immolation {!d}
 X - 4 scrolls of amnesia
Potions
 a - a potion of magic {unknown}
 f - a potion of might
 h - 2 potions of berserk rage {!q}
 k - 2 potions of flight
 l - a potion of lignification {!d}
 m - 5 potions of attraction
 B - 9 potions of ambrosia {!q!d}
 C - 5 potions of degeneration
 H - 3 potions of invisibility {!q!d}
 K - 2 potions of brilliance {!q!d}
 L - 2 potions of resistance {!q!d}
 N - 2 potions of curing {!q!d}
 O - 7 potions of haste {!q!d}
 U - 6 potions of mutation {!d}
 V - a potion of cancellation {!q!d}


   Skills:
 - Level 11.0 Fighting
 + Level 19.8 Maces & Flails
 * Level 13.2 Armour
 - Level 10.0 Shields
 - Level 10.0 Invocations


You had 14 spell levels left.
You didn't know any spells.
Your spell library contained the following spells:

 Spells                   Type           Power      Damage    Failure   Level
 Magic Dart               Conj           0%         1d3       96%         1
 Blink                    Tloc           0%         N/A       99%         2
 Lesser Beckoning         Tloc           0%         N/A       100%        3
 Mephitic Cloud           Conj/Pois/Air  0%         N/A       100%        3
 Vampiric Draining        Necr           0%         2d6       100%        3
 Dispel Undead            Necr           0%         3d6       100%        4
 Fulminant Prism          Conj/Hex       0%         3d6       100%        4
 Iskenderun's Mystic Bla  Conj/Tloc      0%         2d3       100%        4
 Petrify                  Tmut/Erth      0%         N/A       100%        4
 Agony                    Necr           0%         N/A       100%        5
 Lee's Rapid Deconstruct  Erth           0%         3d5*      100%        5
 Manifold Assault         Tloc           0%         N/A       100%        5
 Metabolic Englaciation   Hex/Ice        0%         N/A       100%        5
 Conjure Ball Lightning   Conj/Air       0%         3x3d6     100%        6
 Orb of Destruction       Conj           0%         9d5       100%        7
 Borgnjor's Revivificati  Necr           0%         N/A       100%        8
 Discord                  Hex            0%         N/A       100%        8
 Disjunction              Tloc           0%         N/A       100%        8
 Call Imp                 Summ           Unusable   N/A       N/A         2
 Summon Guardian Golem    Hex/Summ       Unusable   N/A       N/A         3
 Statue Form              Tmut/Erth      Unusable   N/A       N/A         6
 Spellforged Servitor     Conj/Summ      Unusable   N/A       N/A         7

Dungeon Overview and Level Annotations

Branches:
Dungeon (15/15) Zot: 25194  Temple (1/1) D:4 Zot: 5855    Lair (6/6) D:11 Zot: 24658
 Shoals (0/4) Lair:3        Snake (2/4) Lair:2 Zot: 10025     Orc (2/2) D:9 Zot: 11415
 Vaults (0/5) D:13
  Slime: Lair:5-6       Elf: Orc:2       Depths: D:15

Altars:
Ashenzari
Dithmenos
Elyvilon
Fedhas
Gozag
Hepliaklqana
Kikubaaqudgha
Makhleb
Nemelex Xobeh
Okawaru
Qazlal
Ru
Sif Muna
Trog
Uskayaw
Vehumet
Xom
Yredelemnul
The Shining One
Jiyva

Shops:
D:6 (   D:7 *   D:9 =   D:12 *   D:15 [

Portals:
Abyss: Snake:1
Trove: D:13 (give +4 shadow dragon scales)

Annotations:
D:11 3 runed translucent doors, zhov's ghost, journeyman TeHu
Lair:1 exclusion: 3 oklob plants
Lair:5 exclusion: 2 oklob plants
Lair:6 exclusion: oklob plant
Snake:1 2 transporters, Holoquod's ghost, adept MiMo
Snake:2 Vashnia


Innate Abilities, Weirdness & Mutations

You are immune to sickness and miasma.
Your stone body is resilient. (AC +11)
You are immune to poison.
Your large and strong wings let you fly.
You resist negative energy. (rN+)
You are resistant to electric shocks. (rElec)
You are resistant to unholy torment.
You are immune to petrification.


Message History

Vashnia barely misses you.
The anaconda bites you but does no damage. x2
The naga mage hits you but does no damage.
You escape the naga mage's grasp.
The black mamba bites you but does no damage.
The anaconda barely misses you. x2; The anaconda closely misses you.
The anaconda bites you.
The naga hits you from afar with a +0 halberd!
* * * LOW HITPOINT WARNING * * *
The black mamba bites you but does no damage.
Vashnia hits you but does no damage.
The naga mage gestures at the naga while chanting.
The naga seems to grow toxic.
The anaconda grabs you.
You stop ascending the stairs.
The anaconda bites you.
* * * LOW HITPOINT WARNING * * *
The anaconda constricts you.
The naga mage hits you but does no damage.
The anaconda bites you but does no damage.
You escape the anaconda's grasp.
The black mamba bites you but does no damage.
The anaconda grabs you.
You stop ascending the stairs.
The anaconda bites you!
* * * LOW HITPOINT WARNING * * *
The anaconda constricts you. The naga hits you but does no damage.
The anaconda bites you but does no damage.
Vashnia hits you from afar with a +1 vorpal glaive.
* * * LOW HITPOINT WARNING * * *
x2 The black mamba bites you but does no damage.
The naga mage hits you with a +0 club.
* * * LOW HITPOINT WARNING * * *
The naga mage gestures wildly while chanting.
The naga mage seems to speed up.
You escape the anaconda's grasp.
The anaconda grabs you.
You stop ascending the stairs.
The anaconda bites you but does no damage.
The anaconda constricts you. The black mamba completely misses you.
The anaconda bites you but does no damage.
The naga mage barely misses you. The naga completely misses you.
Space seems to twist oddly around Vashnia.
Vashnia hits you from afar with a +1 vorpal glaive.
You die...

# #. #.## #..)
#.N. #####.S##
N.NN..S@#
#####.NSN......
....#N#......
......#......#.
#.### #.. ##.#
# #... # ..#.
###.#


You could see Vashnia, 3 naga sharpshooters, 2 anacondas, a black mamba, 2 naga
magi and a naga (curare).

Vanquished Creatures
  Josephine (Lair:6)
  An ice dragon (Arena)
  6 hydras
  2 boulder beetles
  A vault guard (D:13)
  3 centaur warriors
  3 anacondas (Snake:1)
  3 two-headed ogres
  A naga warrior (Snake:1)
  A satyr (shapeshifter) (D:10)
  4 catoblepae
  6 death yaks (Lair:6)
  4 tengu warriors
  3 skeletal warriors
  2 naga ritualists (Snake:1)
  2 wizards
  2 orc knights
  5 mana vipers (Snake:1)
  4 cyclopes
  3 deep elf pyromancers
  12 ugly things
  3 salamanders (Snake:1)
  2 manticores (Lair:6)
  A guardian serpent (Snake:1)
  17 elephants
  A merfolk siren (Lair:3)
  9 black mambas
  A gargoyle (D:13)
  A naga mage (Snake:1)
  15 cane toads
  2 unseen horrors
  9 komodo dragons
  Psyche (D:9)
  A yaktaur (D:13)
  2 tengu conjurers (D:13)
  A yaktaur (shapeshifter) (D:14)
  An efreet (D:13)
  A kobold demonologist (D:11)
  A queen bee (D:9)
  5 trolls
  Grinder (D:5)
  2 polar bears
  A tarantella (shapeshifter) (D:10)
  A slime creature (D:14)
  7 wyverns
  Sigmund (D:3)
  2 vampires
  4 wraiths
  6 basilisks
  40 yaks
  2 steam dragons
  Grum (Lair:1)
  A basilisk (shapeshifter) (D:14)
  18 vampire mosquitoes
  Menkaure (D:7)
  A warg (Orc:1)
  8 nagas (Snake:1)
  A floating eye (Lair:1)
  9 water moccasins
  Duvessa (D:4)
  3 black bears
  6 orc warriors
  2 ogres
  29 wolves
  12 centaurs
  A phantom (D:4)
  3 kobold brigands
  15 bullfrogs
  2 necrophages
  A scorpion (D:5)
  11 wights
  Dowan (D:4)
  29 killer bees
  2 electric eels
  4 howler monkeys
  2 jellies
  2 hounds (D:5)
  8 orc priests
  3 iguanas
  9 orc wizards
  Ijyb (D:4)
  Robin (D:2)
  6 gnolls
  6 adders
  2 shadow imps
  5 white imps
  An ufetubus (D:5)
  A worm (D:2)
  4 dart slugs
  41 orcs
  6 ball pythons
  7 bats
  8 endoplasms
  8 giant cockroaches
  13 goblins
  15 hobgoblins
  4 jackals (D:3)
  21 kobolds
  2 quokkas
  4 frilled lizards
552 creatures vanquished.

Vanquished Creatures (others)
  An orc wizard (D:9)
  12 fungi
  31 plants
44 creatures vanquished.

Grand Total: 596 creatures vanquished

Notes
Turn   | Place    | Note
-------+----------+-------------------------------------------
     0 | D:1      | buhh the Gargoyle Fighter began the quest for the Orb.
     0 | D:1      | Reached XP level 1. HP: 14/14 MP: 1/1
    73 | D:1      | Reached XP level 2. HP: 13/19 MP: 2/2
   551 | D:1      | Reached XP level 3. HP: 23/23 MP: 3/3
   804 | D:2      | Noticed Robin
  1459 | D:1      | Reached XP level 4. HP: 20/29 MP: 4/4
  1943 | D:2      | Killed Robin
  2191 | D:2      | Found a faded altar of an unknown god.
  2271 | D:2      | Found a hide-covered altar of Uskayaw.
  2715 | D:3      | Reached skill level 3 in Maces & Flails
  2715 | D:3      | Reached XP level 5. HP: 33/33 MP: 5/5
  2807 | D:3      | Noticed Sigmund
  2826 | D:3      | Killed Sigmund
  2827 | D:3      | Reached XP level 6. HP: 36/39 MP: 6/6
  3086 | D:3      | Found a stormy altar of Qazlal.
  3391 | D:4      | Noticed Duvessa
  3398 | D:4      | Killed Duvessa
  3398 | D:4      | Noticed Ijyb
  3408 | D:4      | Killed Ijyb
  3409 | D:4      | Reached XP level 7. HP: 44/44 MP: 7/7
  3413 | D:4      | Noticed Dowan
  3420 | D:4      | Killed Dowan
  3421 | D:4      | Reached skill level 4 in Maces & Flails
  3886 | D:4      | Found a staircase to the Ecumenical Temple.
  3991 | Temple   | Entered the Ecumenical Temple
  4106 | Temple   | Became a worshipper of Warmaster Okawaru
  4752 | D:5      | Entered Level 5 of the Dungeon
  4917 | D:5      | Noticed Grinder
  4918 | D:5      | Paralysed by Grinder for 3 turns
  4934 | D:5      | Reached XP level 8. HP: 40/49 MP: 8/8
  4939 | D:5      | Reached skill level 5 in Maces & Flails
  4960 | D:5      | Paralysed by Grinder for 4 turns
  4973 | D:5      | Killed Grinder
  4973 | D:5      | Reached * piety under Okawaru
  5623 | D:6      | Found Lenwoy's Weapon Emporium.
  5631 | D:6      | Reached skill level 6 in Maces & Flails
  5634 | D:6      | Reached ** piety under Okawaru
  6079 | D:6      | Reached skill level 7 in Maces & Flails
  6079 | D:6      | Reached XP level 9. HP: 28/54 MP: 9/9
  6297 | D:6      | Reached skill level 8 in Maces & Flails
  6371 | D:7      | Noticed Menkaure
  6378 | D:7      | Killed Menkaure
  6748 | D:7      | Found Velac's Assorted Antiques.
  6768 | D:7      | Bought a scroll of magic mapping for 87 gold pieces
  6787 | D:7      | Found a shimmering altar of Xom.
  6788 | D:7      | Found a shimmering altar of Xom.
  6788 | D:7      | Found a shimmering altar of Xom.
  7036 | D:8      | Reached skill level 9 in Maces & Flails
  7387 | D:8      | Reached *** piety under Okawaru
  7984 | D:9      | Noticed Psyche
  8002 | D:9      | Killed Psyche
  8003 | D:9      | Reached skill level 10 in Maces & Flails
  8010 | D:9      | Found Qiziup's Jewellery Emporium.
  8086 | D:9      | Noticed a troll
  8091 | D:9      | Killed a troll
  8091 | D:9      | Reached **** piety under Okawaru
  8092 | D:9      | Reached skill level 11 in Maces & Flails
  8092 | D:9      | Reached XP level 10. HP: 54/59 MP: 10/10
  8202 | D:9      | Found a staircase to the Orcish Mines.
  8757 | D:9      | Reached skill level 12 in Maces & Flails
  9194 | D:10     | Entered Level 10 of the Dungeon
  9234 | D:10     | Reached ***** piety under Okawaru
  9298 | D:10     | Found a sparkling altar of Nemelex Xobeh.
  9306 | D:10     | Reached skill level 13 in Maces & Flails
  9585 | D:10     | Received a gift from Okawaru
  9876 | D:10     | Noticed a deep elf pyromancer
  9878 | D:10     | Noticed a skeletal warrior
  9878 | D:10     | Noticed a deep elf pyromancer
  9883 | D:10     | Killed a deep elf pyromancer
  9884 | D:10     | Reached skill level 14 in Maces & Flails
  9884 | D:10     | Reached XP level 11. HP: 42/64 MP: 11/11
 10556 | D:11     | Noticed a cyclops
 10563 | D:11     | Killed a cyclops
 10682 | D:11     | Found a runed translucent gate.
 10682 | D:11     | Found a runed translucent gate.
 10682 | D:11     | Found a runed translucent gate.
 10684 | D:11     | Found a viscous altar of Jiyva.
 10684 | D:11     | Noticed zhov's ghost (journeyman TeHu)
 10732 | D:11     | Noticed a two-headed ogre
 10742 | D:11     | Killed a two-headed ogre
 10781 | D:11     | Found a staircase to the Lair.
 10782 | D:11     | You fall into a shaft and drop 3 floors!
 10786 | D:14     | Noticed a centaur warrior
 10798 | D:14     | Killed a centaur warrior
 10967 | D:14     | Noticed a catoblepas
 10979 | D:14     | Killed a catoblepas
 10979 | D:14     | Reached ****** piety under Okawaru
 11013 | D:14     | Noticed a wizard
 11013 | D:14     | Noticed a white ugly thing
 11015 | D:14     | Noticed a white ugly thing
 11017 | D:14     | Noticed a white ugly thing
 11019 | D:14     | Killed a wizard
 11020 | D:14     | Reached skill level 15 in Maces & Flails
 11020 | D:14     | Noticed a centaur warrior
 11020 | D:14     | Noticed a white ugly thing
 11020 | D:14     | Noticed a seven-headed hydra
 11020 | D:14     | Noticed a tengu warrior
 11027 | D:14     | Killed a white ugly thing
 11036 | D:14     | Killed a white ugly thing
 11040 | D:14     | Killed a white ugly thing
 11040 | D:14     | Received a gift from Okawaru
 11050 | D:14     | Killed a green ugly thing
 11102 | D:14     | Noticed a skeletal warrior
 11169 | D:14     | Killed a skeletal warrior
 11170 | D:14     | Reached skill level 16 in Maces & Flails
 11170 | D:14     | Reached XP level 12. HP: 46/68 MP: 8/16
 11265 | D:14     | Killed a tengu warrior
 11301 | D:13     | Noticed a tengu warrior
 11929 | D:12     | Found Vimiud's Assorted Antiques.
 11935 | D:12     | Bought a scroll of identify for 70 gold pieces
 11935 | D:12     | Bought a small copper ring for 175 gold pieces
 11935 | D:12     | Bought a pearl ring for 175 gold pieces
 11945 | D:12     | Noticed a six-headed hydra
 11954 | D:12     | Killed a six-headed hydra
 12073 | D:12     | Noticed a two-headed ogre
 12077 | D:12     | Killed a two-headed ogre
 12077 | D:12     | Received a gift from Okawaru
 12497 | Lair:1   | Entered Level 1 of the Lair of Beasts
 12609 | Lair:1   | Reached skill level 17 in Maces & Flails
 12785 | Lair:1   | Identified the +2 leather armour of the Hills {Dex+2}
 12992 | Lair:1   | Noticed an eight-headed hydra
 13000 | Lair:1   | Killed an eight-headed hydra
 13059 | Lair:1   | Reached XP level 13. HP: 76/80 MP: 17/17
 13207 | Lair:1   | Noticed Grum
 13244 | Lair:1   | Killed Grum
 13317 | Lair:1   | Identified the +1 robe "Apesiwew" {-Cast rC+ Dex+2}
                  | (Okawaru gifted it to you on level 1 of the Lair of Beasts)
 13317 | Lair:1   | Received a gift from Okawaru
 13768 | Lair:2   | Found a staircase to the Snake Pit.
 15144 | Lair:3   | Reached skill level 11 in Fighting
 15150 | Lair:3   | Found a staircase to the Shoals.
 16482 | Arena    | Entered the Arena
 16956 | Lair:5   | Found a viscous altar of Jiyva.
 17154 | Lair:6   | Entered Level 6 of the Lair of Beasts
 17166 | Lair:6   | Identified the +0 hat of Awe {rF+} (Okawaru gifted it to
                  | you on level 6 of the Lair of Beasts)
 17166 | Lair:6   | Received a gift from Okawaru
 17390 | Lair:6   | Gained mutation: Your large and strong wings let you fly.
                  | [Gargoyle growth]
 17390 | Lair:6   | Reached XP level 14. HP: 62/90 MP: 14/19
 17897 | Arena    | Entered the Arena
 18159 | Lair:6   | Noticed Josephine
 18171 | Lair:6   | Killed Josephine
 18282 | Lair:6   | Reached skill level 18 in Maces & Flails
 18532 | Lair:6   | Got Ciopnyji's Omnibus of the Mausoleum
 19615 | Orc:1    | Entered Level 1 of the Orcish Mines
 20335 | Orc:2    | Entered Level 2 of the Orcish Mines
 20335 | Orc:2    | Noticed an orc warlord
 20415 | D:10     | Received a gift from Okawaru
 20726 | D:10     | Found a white marble altar of Elyvilon.
 20726 | D:10     | Found a hazy altar of Hepliaklqana.
 20726 | D:10     | Found a broken altar of Ashenzari.
 20806 | D:10     | Found a radiant altar of Vehumet.
 21427 | D:13     | Reached skill level 19 in Maces & Flails
 21435 | D:13     | Reached XP level 15. HP: 54/94 MP: 13/22
 21494 | D:13     | Found a gate to the Vaults.
 21498 | D:13     | Identified the +0 leather armour of the Harvest {Drain
                  | rElec Int+9 Dex-4}
 21679 | D:13     | Found a portal to a secret trove of treasure.
 21997 | D:14     | Received a gift from Okawaru
 22226 | D:14     | Found a broken altar of Ashenzari.
 22908 | D:15     | Entered Level 15 of the Dungeon
 22958 | D:15     | Reached skill level 11 in Armour
 23472 | D:15     | Found Humosk's Armour Emporium.
 23549 | D:15     | Found a hide-covered altar of Uskayaw.
 23738 | Arena    | Entered the Arena
 24801 | Snake:1  | Entered Level 1 of the Snake Pit
 25189 | Snake:1  | Found a one-way gate to the infinite horrors of the Abyss.
 25189 | Snake:1  | Noticed Holoquod's ghost (adept MiMo)
 25190 | Snake:1  | Noticed a cacodemon
 25695 | Snake:1  | Found a transporter.
 25706 | Snake:1  | Noticed a hellephant
 25710 | Snake:1  | Found a transporter.
 25750 | Snake:1  | Identified the -1 helmet of the Wasteland {-Tele Harm
                  | rElec}
 26469 | Snake:1  | Noticed a nagaraja
 26620 | Snake:2  | Noticed Vashnia
 26809 | Snake:2  | HP: 4/94 [naga mage/+0 club (1)]
 26810 | Snake:2  | Slain by Vashnia

Illustrated notes

Levels and vault maps discovered:
D:1:      wander_arrival_desolate, layout_basic
D:2:      layout_loops_ring, shapermc_ecumenical_altar_ellora, basic_altar,
          uniq_robin
D:3:      layout_rooms, mainiacjoe_overflow_alcove_1, uniq_sigmund
D:4:      layout_loops_ring, minmay_temple_entry_nine_rooms, uniq_ijyb,
          uniq_duvessa
D:5:      layout_cave_pools, serial_column_ruins, column_ruins_hut_pillars,
          column_ruins_columns_corner, column_ruins_grid_1,
          column_ruins_columns_dead_end, column_ruins_open_medium, uniq_grinder
D:6:      layout_basic, serial_shops, nicolae_shop_bloodbath_and_beyond,
          hangedman_decor_points
D:7:      layout_basic, xom_shifter_show, serial_shops,
          nicolae_shop_overgrown_old_shop, uniq_menkaure
D:8:      layout_loops_corners
D:9:      layout_basic, minmay_orc_entry_temple_small, special_room
          [special_room_bee], grunt_ministairs_8,
          minmay_shop_enchanted_jewellery, uniq_psyche
D:10:     minmay_curly_fans, layout_cave_pools, nicolae_vehumet_radiance,
          mainiacjoe_overflow_chevrons, gammafunk_temple_overflow_claw
D:11:     layout_roguey, dpeg_oklobed_lair, gammafunk_ghost_ooze
D:12:     layout_loops_ring, serial_shops, nicolae_shop_overgrown_old_shop,
          corexii_corridor_pit
D:13:     layout_small_grid, david_vaults_5, nicolae_trove_entry_columns
D:14:     nooodl_glass_maze, layout_basic, ashenzari_conservatory_becter
D:15:     gammafunk_enter_depths_forms, layout_small_grid,
          minmay_misc_feat_secret_circle, serial_shops, shop,
          eat_drink_and_be_merry_uskayaw
Temple:   bh_familiar_temple
Lair:1:   layout_regular_city, disabler_island, uniq_grum
Lair:2:   layout_regular_city, dummy_snake_entry, serial_bayou_pond_d
Lair:3:   layout_cave_pods, minmay_shoals_entry_lonely_mermaid,
          infiniplex_staircase_pool_2
Lair:4:   layout_loops_ring, serial_bayou_shore_a, grunt_megastairs_5
Lair:5:   layout_long_grid, minmay_slime_entry_oklob_enclosed,
          infiniplex_staircase_pool
Lair:6:   evilmike_catoblepas_cave, layout_regular_city,
          bobbens_ice_dragon_lair, uniq_josephine
Snake:1:  layout_cave_pods, gammafunk_ghost_abyssal_escape, drop_trap,
          nicolae_snake_gridmaze_squiggle
Snake:2:  layout_basic, serial_shops, nicolae_diamond_shop, uniq_vashnia,
          uniq_saint_roka
Orc:1:    layout_caves, nicolae_orc_damp_corner, abandoned_shop
Orc:2:    grunt_orc_cross, layout_caves, serial_shops, nicolae_lakefront_shop,
          basic_altar, hangedman_minor_magic, uniq_sonja, uniq_snorg

Skill      XL: |  1  2  3  4  5  6  7  8  9 10 11 12 13 14 15 |
---------------+----------------------------------------------+-----
Armour         | 4 5 7 8 10 13 | 13.2
Fighting       | 4 5 9 11 | 11.0
Shields        | 4 5 7 8 10 | 10.0
Maces & Flails | 3 4 7 11 14 16 17 19 | 19.8
Invocations    | 5 7 10 | 10.0

Action                   |  1- 3 |  4- 6 |  7- 9 | 10-12 | 13-15 || total
-------------------------+-------+-------+-------+-------+-------++-------
Melee: Flail             |    80 |   113 |   254 |   172 |       ||   619
       Eveningstar       |       |       |       |   373 |   706 ||  1079
       Great mace        |       |       |       |       |   410 ||   410
Throw: Dart              |       |       |     2 |     1 |     5 ||     8
Invok: Heroism           |       |       |       |    13 |    13 ||    26
       Finesse           |       |       |       |     2 |     9 ||    11
       Duel              |       |       |       |       |     3 ||     3
Evoke: Wand              |       |       |     1 |       |     5 ||     6
  Use: Scroll            |     1 |     4 |    11 |    15 |    14 ||    45
       Potion            |       |     3 |     5 |     7 |    12 ||    27
 Stab: Distracted        |       |       |     1 |       |       ||     1
       Invisible         |       |       |     1 |       |       ||     1
       Fleeing           |       |       |       |     1 |     1 ||     2
       Petrified         |       |       |       |       |     2 ||     2
Armor: Scale mail        |    36 |    55 |   134 |    96 |       ||   321
       Skin              |       |     7 |    10 |       |       ||    17
       Troll leather arm |       |       |       |   232 |   467 ||   699
       Plate armour      |       |       |       |       |   285 ||   285
Dodge: Dodged            |    47 |    47 |   126 |   326 |   687 ||  1233
Block: Buckler           |    21 |    24 |    51 |   143 |   209 ||   448

Table legend: (Time is in decaauts)
 A = Elapsed time spent in this place.
 B = Non-inter-level travel time spent in this place.
 C = Inter-level travel time spent in this place.
 D = Time resting spent in this place.
 E = Time spent auto-exploring this place.
 F = Levels seen in this place.
 G = Mean time per level.
                   A        B        C        D        E       F      G
               +--------+--------+--------+--------+--------+-----+--------+
         Total |  26466 |  24956 |   1510 |   6002 |  15133 |  29 |  912.6 |
       Dungeon |  16855 |  15880 |    975 |   3965 |   9522 |  15 | 1123.7 |
        Temple |    144 |     96 |     48 |      0 |     93 |   1 |  144.0 |
          Lair |   6851 |   6518 |    333 |   1023 |   4385 |   6 | 1141.8 |
     Snake Pit |   1973 |   1854 |    119 |    766 |    895 |   2 |  986.5 |
  Orcish Mines |    584 |    552 |     32 |    248 |    237 |   2 |  292.0 |
         Arena |     57 |     57 |      0 |      0 |      0 |   3 |   19.0 |
               +--------+--------+--------+--------+--------+-----+--------+

Top non-repeatable levels by time:
 Snake:1: 1962 daAuts
  Lair:6: 1935 daAuts
    D:14: 1861 daAuts
     D:9: 1755 daAuts
     D:1: 1671 daAuts
    D:10: 1314 daAuts
     D:4: 1217 daAuts
    D:15: 1197 daAuts
  Lair:1: 1156 daAuts
     D:2: 1110 daAuts
  Lair:3: 1076 daAuts
     D:8: 1048 daAuts
    D:13: 1030 daAuts
    D:12: 1019 daAuts
  Lair:2: 1000 daAuts
